 Dungeon Crawl Stone Soup version 0.30-a0-879-ga8ba668304 (webtiles) character file.

Game seed: 6842580832238771169

6444 porpoise the Geomancer (level 10, -9/59 HPs)
             Began as a Gargoyle Earth Elementalist on Mar 13, 2023.
             Was a Believer of Vehumet.
             Mangled by a tengu warrior
             ... wielding a +0 great mace
              (21 damage)
             ... on level 9 of the Dungeon on Mar 14, 2023.
             The game lasted 00:53:07 (9437 turns).

porpoise the Geomancer (GrEE)                       Turns: 9437, Time: 00:53:07

Health: -9/59      AC: 16    Str: 11    XL:     10   Next: 99%
Magic:  18/18      EV: 13    Int: 27    God:    Vehumet [**....]
Gold:   461        SH:  0    Dex: 10    Spells: 6/19 levels left

rFire   + . .      SeeInvis .    o - +8 dagger "Reasseth" {freeze, *Rage rC+ rCorr}
rCold   + . .      Faith    .    (no shield)
rNeg    + . .      Spirit   .    C - +0 steam dragon scales
rPois   ∞          Reflect  .    y - +1 helmet
rElec   +          Rampage  .    (no cloak)
rCorr   +          Rage     20%  x - +0 pair of gloves
Will    .....                    (no boots)
Stlth   +++                      (no amulet)
HPRegen 0.29/turn                r - ring of protection from fire
MPRegen 0.16/turn                I - +6 ring of intelligence

@: no status effects
A: sickness immunity, AC +7, negative energy resistance 1, electricity
resistance, torment resistance 1, petrification resistance
a: Renounce Religion


You were on level 9 of the Dungeon.
You worshipped Vehumet.
Vehumet was pleased with you.
You visited 1 branch of the dungeon, and saw 9 of its levels.

You collected 461 gold pieces.

Inventory:

Hand Weapons
 a - a +1 whip of venom
 b - a +1 sling
 o - the +8 dagger "Reasseth" (weapon) {freeze, *Rage rC+ rCorr}
   (You found it on level 2 of the Dungeon)

   rC:        It protects you from cold.
   *Rage:     It berserks you when you make melee attacks (+20% chance).
   rCorr:     It protects you from acid and corrosion.
 E - a +1 short sword of speed
 S - a +4 dagger
 W - a +1 mace of holy wrath
Missiles
 d - 2 boomerangs (quivered)
 e - 9 poisoned darts
 M - a curare-tipped dart
Armour
 x - a +0 pair of gloves (worn)
 y - a +1 helmet (worn)
 B - a +2 animal skin
 C - +0 steam dragon scales (worn)
 T - a +1 robe of the Archmagi
 U - a +2 ring mail of positive energy
Magical Staves
 w - a staff of poison
 L - a staff of death
Jewellery
 j - an amulet of guardian spirit
 r - a ring of protection from fire (left hand)
 I - a +6 ring of intelligence (right hand)
 V - a ring of resist corrosion
Wands
 D - a wand of paralysis (7)
 J - a wand of roots (9)
 N - a wand of flame (31)
Scrolls
 f - 5 scrolls of teleportation
 g - a scroll of fear
 i - a scroll of fog
 k - a scroll of silence {unknown}
 l - a scroll of magic mapping
 n - a scroll of torment {unknown}
 q - a scroll of enchant weapon
 u - a scroll of enchant armour {unknown}
 v - a scroll of poison
 A - a scroll of noise
 H - a scroll of amnesia
 K - a scroll of brand weapon {unknown}
 P - 2 scrolls of butterflies {unknown}
Potions
 c - 2 potions of magic
 h - 5 potions of curing
 m - 3 potions of flight
 p - 2 potions of heal wounds
 s - a potion of brilliance
 t - a potion of invisibility
 z - a potion of mutation
 F - 2 potions of haste
 O - a potion of lignification {unknown}
 Q - a potion of resistance {unknown}
 R - a potion of degeneration {unknown}


   Skills:
 - Level 5.0 Fighting
 - Level 2.0 Maces & Flails
 - Level 5.0 Armour
 - Level 5.0 Dodging
 - Level 7.0 Stealth
 + Level 5.4 Spellcasting
 + Level 7.5 Conjurations
 - Level 1.0 Transmutations
 - Level 10.4 Earth Magic
 + Level 1.8 Evocations


You had 6 spell levels left.
You knew the following spells:

 Your Spells              Type           Power      Damage    Failure   Level
a - Sandblast             Erth           100%       2d20      1%          1
b - Stone Arrow           Conj/Erth      100%       3d13      1%          3
e - Iron Shot             Conj/Erth      27%        9d6       26%         6
m - Mephitic Cloud        Conj/Pois/Air  20%        N/A       8%          3

Your spell library contained the following spells:

 Spells                   Type           Power      Damage    Failure   Level
 Kiss of Death            Conj/Necr      100%       2d13      1%          1
 Passwall                 Tmut/Erth      31%        N/A       1%          2
 Petrify                  Tmut/Erth      38%        N/A       6%          4
 Animate Armour           Summ/Erth      70%        N/A       8%          4
 Ignite Poison            Fire/Tmut/Pois 9%         N/A       19%         3
 Confusing Touch          Hex            7%         N/A       21%         3
 Kindle Blastsparks       Fire/Tloc/Air  14%        2d11      21%         3
 Dispel Undead            Necr           7%         3d8       56%         4
 Freezing Cloud           Conj/Ice/Air   10%        6-21      56%         5
 Blade Hands              Tmut           6%         N/A       77%         5
 Death Channel            Necr           3%         N/A       100%        6
 Cigotuvi's Dreadful Rot  Necr/Pois/Air  Unusable   N/A       N/A         2
 Statue Form              Tmut/Erth      Unusable   N/A       N/A         6

Dungeon Overview and Level Annotations

Branches:
Dungeon (9/15)             Temple (0/1) D:6
   Lair: D:8-11         Orc: D:9-12

Altars:
Ashenzari
Dithmenos
Kikubaaqudgha
Nemelex Xobeh
Okawaru
Qazlal
Ru
Vehumet
Yredelemnul
Zin

Shops:
D:9 *


Innate Abilities, Weirdness & Mutations

You are immune to sickness and miasma.
Your stone body is resilient. (AC +7)
You are immune to poison.
You resist negative energy. (rN+)
You are resistant to electric shocks. (rElec)
You are resistant to unholy torment.
You are immune to petrification.


Message History

You closely miss the kobold brigand.
The kobold brigand is heavily wounded.
The kobold brigand hits you but does no damage.
You puncture the kobold brigand! You freeze the kobold brigand.
The kobold brigand is almost dead.
A centaur warrior comes into view. It is wielding a +0 dagger.
The kobold brigand hits you with a +0 short sword.
You puncture the kobold brigand! You freeze the kobold brigand.
You kill the kobold brigand!
Vehumet accepts your kill.
There is a stone staircase leading up here.
You feel a strong urge to attack something.
You climb upwards.
There is a stone staircase leading down here.
You start resting.
You feel your anger nearly subside.
You are no longer berserk.
You are exhausted.
You feel yourself slow down.
You start resting.
HP restored.
You start waiting.
You feel yourself speed up.
You start waiting.
You recover from your berserk rage.
You climb downwards.
The centaur warrior unwields a +0 dagger.
The centaur warrior wields a +0 longbow.
The centaur warrior shoots an arrow.
The arrow hits you.
The tengu warrior hits you with a +0 great mace!
The tengu warrior pecks you.
The tengu warrior claws you but does no damage.
The tengu warrior hits you but does no damage.
The tengu warrior pecks you but does no damage.
The tengu warrior claws you but does no damage.
The centaur warrior shoots an arrow.
The arrow hits you!!
There is a stone staircase leading up here.
The centaur warrior shoots an arrow.
The arrow hits you!
* * * LOW HITPOINT WARNING * * *
The tengu warrior hits you with a +0 great mace!!
You die...

#.....# #..∩..#
#.....# #...).#
#.....# #.....#
#.....####
#Q@.......
#.........
.......(.......
...............
.........c.....
###.#####.#####
8.. #$ #.) .$
.. $#.


You could see a tengu warrior and a centaur warrior.

Vanquished Creatures
  A two-headed ogre (D:7)
  A boulder beetle (D:8)
  An unseen horror zombie (D:7)
  A troll (D:8)
  3 hornets (D:8)
  A yak (D:8)
  Menkaure (D:6)
  2 steam dragons (D:4)
  Duvessa (D:5)
  4 water moccasins
  2 ice beasts
  A sky beast (D:4)
  An orc warrior (D:7)
  A black bear (D:4)
  2 phantoms
  2 centaurs
  3 gnoll sergeants
  2 kobold brigands
  2 bullfrogs
  Blork the orc (D:6)
  5 scorpions
  A water moccasin zombie (D:7)
  8 wights (D:8)
  Dowan (D:6)
  An electric eel (D:8)
  A howler monkey (D:6)
  2 centaur zombies (D:7)
  5 hounds
  An orc priest (D:4)
  A gnoll bouda (D:6)
  2 jellies
  4 sleepcaps
  An iguana (D:4)
  4 orc wizards
  A killer bee zombie (D:7)
  Robin (D:3)
  2 howler monkey zombies (D:7)
  19 gnolls
  9 adders
  2 shadow imps
  A white imp (D:8)
  2 ufetubi
  2 worms
  A dart slug (D:2)
  23 orcs
  2 bats
  5 endoplasms
  A giant cockroach (D:4)
  10 goblins
  10 hobgoblins
  A quokka (D:4)
  14 ball pythons
  3 frilled lizards
  12 kobolds
  3 rats
194 creatures vanquished.

Notes
Turn   | Place    | Note
-------+----------+-------------------------------------------
     0 | D:1      | porpoise the Gargoyle Earth Elementalist began the quest
                  | for the Orb.
     0 | D:1      | Reached XP level 1. HP: 10/10 MP: 3/3
   297 | D:1      | Reached skill level 1 in Transmutations
   297 | D:1      | Reached XP level 2. HP: 15/15 MP: 3/5
   822 | D:2      | Identified the +8 dagger "Reasseth" {freeze, *Rage rC+
                  | rCorr}
  1017 | D:2      | Reached skill level 4 in Earth Magic
  1023 | D:2      | Reached XP level 3. HP: 14/19 MP: 1/6
  1126 | D:2      | Learned a level 3 spell: Stone Arrow
  1231 | D:2      | Found a faded altar of an unknown god.
  1420 | D:2      | Reached XP level 4. HP: 24/24 MP: 8/8
  1659 | D:3      | Noticed Robin
  1719 | D:3      | Killed Robin
  1720 | D:3      | Reached skill level 1 in Conjurations
  2141 | D:3      | Found an iron altar of Okawaru.
  2689 | D:4      | Reached skill level 5 in Earth Magic
  2689 | D:4      | Reached XP level 5. HP: 28/28 MP: 7/9
  3043 | D:4      | Noticed a sky beast
  3046 | D:4      | Reached skill level 1 in Fighting
  3054 | D:4      | Killed a sky beast
  3055 | D:4      | Reached XP level 6. HP: 35/35 MP: 10/10
  3085 | D:4      | Noticed a steam dragon
  3106 | D:4      | Reached skill level 6 in Earth Magic
  3164 | D:4      | Killed a steam dragon
  3165 | D:4      | Reached XP level 7. HP: 40/40 MP: 7/11
  3293 | D:4      | Noticed a steam dragon
  3419 | D:4      | Killed a steam dragon
  3420 | D:4      | Reached skill level 7 in Earth Magic
  3449 | D:4      | Reached skill level 5 in Conjurations
  3710 | D:4      | Found a radiant altar of Vehumet.
  3716 | D:4      | Became a worshipper of Vehumet
  3761 | D:4      | Found a stormy altar of Qazlal.
  4031 | D:5      | Entered Level 5 of the Dungeon
  4090 | D:5      | Reached XP level 8. HP: 48/48 MP: 11/13
  4158 | D:5      | Got the Opusculum on the Quarry
  4392 | D:5      | Reached skill level 5 in Fighting
  4957 | D:5      | Found a glowing silver altar of Zin.
  5020 | D:5      | Found a sparkling altar of Nemelex Xobeh.
  5029 | D:5      | Found a broken altar of Ashenzari.
  5152 | D:6      | Noticed Duvessa
  5232 | D:6      | Noticed Dowan
  5240 | D:5      | Reached * piety under Vehumet
  5240 | D:5      | Offered knowledge of Shock by Vehumet.
  5336 | D:5      | Reached XP level 9. HP: 54/54 MP: 16/16
  5379 | D:6      | Killed Dowan
  5395 | D:5      | Killed Duvessa
  5396 | D:5      | Reached skill level 5 in Spellcasting
  5396 | D:5      | Reached skill level 8 in Earth Magic
  5557 | D:6      | Learned a level 6 spell: Iron Shot
  5869 | D:6      | Found a staircase to the Ecumenical Temple.
  6056 | D:6      | Noticed Blork the orc
  6063 | D:6      | Killed Blork the orc
  6063 | D:6      | Reached ** piety under Vehumet
  6063 | D:6      | Offered knowledge of Poisonous Vapours by Vehumet.
  6070 | D:6      | Reached skill level 9 in Earth Magic
  6222 | D:6      | Noticed Menkaure
  6225 | D:6      | Killed Menkaure
  6393 | D:7      | Found a basalt altar of Yredelemnul.
  6405 | D:6      | Reached skill level 1 in Maces & Flails
  6408 | D:6      | Reached skill level 5 in Dodging
  6492 | D:7      | Reached skill level 1 in Armour
  6915 | D:7      | Reached XP level 10. HP: 59/59 MP: 14/17
  7260 | D:7      | Noticed a two-headed ogre
  7264 | D:7      | Killed a two-headed ogre
  7477 | D:7      | Reached skill level 5 in Stealth
  8145 | D:8      | Found a shadowy altar of Dithmenos.
  8342 | D:8      | Noticed a boulder beetle
  8355 | D:8      | Killed a boulder beetle
  8356 | D:8      | Reached skill level 5 in Armour
  8356 | D:8      | Reached skill level 10 in Earth Magic
  8585 | D:8      | Offered knowledge of Mephitic Cloud by Vehumet.
  8586 | D:8      | Reached skill level 1 in Evocations
  8590 | D:8      | Learned a level 3 spell: Mephitic Cloud
  9135 | D:8      | Found an ancient bone altar of Kikubaaqudgha.
  9185 | D:8      | Found a sacrificial altar of Ru.
  9325 | D:9      | Found Peisueq's General Store.
  9402 | D:9      | Noticed a tengu warrior
  9404 | D:9      | Noticed a centaur warrior
  9437 | D:9      | Mangled by a tengu warrior

Illustrated notes

Levels and vault maps discovered:
D:1:      dpeg_arrival_renting, layout_loops_ring, minmay_heptomino_o4
D:2:      layout_loops_ring, nicolae_ecumenical_snake_handling,
          eino_tiny_chamber
D:3:      layout_loops_ring, okawaru_trees_1, kennysheep_generic_room_13,
          uniq_robin
D:4:      minmay_chambers_of_fours, layout_basic, mainiacjoe_overflow_catwalk,
          old_standard_altar
D:5:      layout_cave_pods, lemuel_coloured_pillars_altar,
          mainiacjoe_overflow_swirl, chequers_serial_rivers_room_a
D:6:      layout_cave_pools, temple_green, uniq_blork_the_orc, uniq_duvessa,
          uniq_menkaure
D:7:      layout_loops_corners, nicolae_yredelemnul_corpse_copse
D:8:      layout_basic, kennysheep_mini, mainiacjoe_overflow_alcove_4,
          nicolae_ru_the_path_less_chosen
D:9:      minmay_the_grid_square_5x5_3x3 [minmay_the_grid_square_5x5_shuriken,
          minmay_the_grid_square_5x5_three_walls, minmay_the_grid_square_5x5_v,
          minmay_the_grid_square_5x5_three_small,
          minmay_the_grid_square_5x5_megaprize_open,
          minmay_the_grid_square_5x5_moneybag,
          minmay_the_grid_square_5x5_tri_point,
          minmay_the_grid_square_5x5_shrine1,
          minmay_the_grid_square_5x5_shrine2], layout_irregular_city,
          serial_shops, nicolae_shop_stone, shop

Skill      XL: |  1  2  3  4  5  6  7  8  9 10 |
---------------+-------------------------------+-----
Transmutations | 1 |  1.0
Earth Magic    | 4 5 6 7 9 10 | 10.4
Conjurations   | 1 3 4 5 7 |  7.5
Spellcasting   | 3 4 5 |  5.4
Fighting       | 1 2 4 5 |  5.0
Dodging        | 2 3 5 |  5.0
Maces & Flails | 2 |  2.0
Armour         | 2 5 |  5.0
Stealth        | 3 7 |  7.0
Evocations     | 1 |  1.8

Action                     |  1- 3 |  4- 6 |  7- 9 | 10-12 || total
---------------------------+-------+-------+-------+-------++-------
  Melee: Dagger            |    10 |    42 |   103 |    24 ||   179
         Punch             |       |       |     2 |     1 ||     3
         Whip              |       |       |       |    13 ||    13
   Fire: Sling             |    50 |    27 |    76 |    20 ||   173
  Throw: Dart              |       |       |     1 |     2 ||     3
         Boomerang         |       |       |       |    10 ||    10
   Cast: Sandblast         |    13 |    23 |    98 |    33 ||   167
         Stone Arrow       |       |     1 |    12 |    11 ||    24
         Mephitic Cloud    |       |       |       |     1 ||     1
    Use: Scroll            |     2 |     5 |     6 |     2 ||    15
         Potion            |       |       |     1 |       ||     1
   Stab: Sleeping          |     2 |     1 |     2 |     2 ||     7
         Confused          |       |       |       |     1 ||     1
 Armour: Robe              |     6 |     8 |       |     4 ||    18
         Animal skin       |       |    22 |       |       ||    22
         Steam dragon scal |       |       |   106 |    19 ||   125
  Dodge: Dodged            |    20 |    42 |   140 |    25 ||   227

Table legend: (Time is in decaauts)
 A = Elapsed time spent in this place.
 B = Non-inter-level travel time spent in this place.
 C = Inter-level travel time spent in this place.
 D = Time resting spent in this place.
 E = Time spent auto-exploring this place.
 F = Levels seen in this place.
 G = Mean time per level.
                   A        B        C        D        E       F      G
               +--------+--------+--------+--------+--------+-----+--------+
         Total |   9706 |   9440 |    266 |   3340 |   4402 |   9 | 1078.4 |
       Dungeon |   9706 |   9440 |    266 |   3340 |   4402 |   9 | 1078.4 |
               +--------+--------+--------+--------+--------+-----+--------+

Top non-repeatable levels by time:
     D:7: 1638 daAuts
     D:5: 1506 daAuts
     D:4: 1465 daAuts
     D:8: 1366 daAuts
     D:6: 1027 daAuts
     D:3: 932 daAuts
     D:2: 897 daAuts
     D:1: 847 daAuts
     D:9: 25 daAuts
